Map: [ESL] Crimson Court

Players

NightPhoenix

  • Race: Protoss Protoss
  • Spawn Location: 1:00

Lambo - Winner!

  • Race: Zerg Zerg
  • Spawn Location: 7:00

Event: ESL SC2 Masters 2024 Spring (Regional)

VOD

Have the link to the VOD?

Description

Time

  • Played on: April 21, 2024, 8:59 a.m.
  • Length: 8:12

All games in this series

Show
View Real Time Build Order
Export as new Build Order

NightPhoenix Protoss 

Build Orders: 1 Gate Expand, Colossus Rush 

Get SALT Encoding   

  12  0:00  Probe  
  13  0:12  Probe  
  14  0:19  Pylon  
  14  0:24  Probe  
  15  0:37  Probe (Chrono Boost)  
  15  0:40  Gateway  
  16  0:48  Probe (Chrono Boost)  
  17  0:50  Assimilator  
  17  0:53  Probe (Chrono Boost)  
  18  1:03  Probe  
  19  1:15  Probe  
  20  1:27  Nexus  
  20  1:37  Cybernetics Core  
  20  1:40  Probe  
  21  1:49  Assimilator  
  21  1:52  Probe  
  22  1:54  Pylon  
  22  2:04  Probe  
  23  2:10  Adept (Chrono Boost)  
  23  2:15  Robotics Facility  
  25  2:17  Probe  
  27  2:30  Stalker (Chrono Boost)  
  27  2:31  Probe (Chrono Boost)  
  27  2:32  Warp Gate  
  29  2:39  Probe (Chrono Boost)  
  31  2:48  Probe (Chrono Boost)  
  31  2:51  Probe (Chrono Boost)  
  31  2:54  Probe  
  35  3:01  Probe  
  36  3:06  Probe  
  36  3:09  Robotics Bay  
  36  3:12  Warp Prism  
  37  3:15  Probe  
  37  3:18  Probe  
  39  3:26  Gateway  
  39  3:28  Pylon  
  39  3:29  Probe  
  40  3:37  Probe  
  41  3:42  Probe  
  41  3:43  Pylon  
  41  3:47  Robotics Facility  
  42  3:51  Probe  
  42  3:53  Disruptor (Chrono Boost)  
  42  3:54  Probe  
  44  4:00  Assimilator  
  44  4:02  Assimilator  
  48  4:03  Probe  
  48  4:06  Probe  
  50  4:15  Probe  
  51  4:18  Probe  
  51  4:19  Disruptor (Chrono Boost)  
  51  4:21  Pylon  
  56  4:27  Gateway  
  56  4:28  Gateway  
  56  4:30  Gravitic Drive (Chrono Boost)  
  56  4:39  Warp Prism  
  56  4:43  Adept  
  60  4:48  Sentry  
  62  4:54  Disruptor  
  62  4:56  Pylon  
  62  4:57  Probe x2  
  68  5:02  Gateway  
  68  5:15  Disruptor (Chrono Boost), Gateway  
  72  5:30  Pylon  
  72  5:31  Pylon  
  78  5:40  Pylon  
  78  5:44  Colossus (Chrono Boost)  
  78  5:45  Colossus (Chrono Boost)  
  84  5:57  Stalker x2  
  84  5:58  Pylon, Stalker  
  84  6:03  Stalker  
  92  6:08  Stalker  
  94  6:12  Stalker  
  96  6:26  Stalker x3  
  102  6:36  Stalker x2  
  106  6:40  Stalker  
  108  6:54  Stalker  
  108  6:59  Pylon  
  108  7:01  Pylon  
  94  7:33  Stalker x6  
  108  7:58  Stalker x3  
  108  7:59  Stalker x2  
Show
View Real Time Build Order
Export as new Build Order

Lambo Zerg - Winner!

Build Orders: Hatch First 

Get SALT Encoding   

  12  0:00  Drone  
  13  0:12  Overlord  
  13  0:17  Drone  
  14  0:30  Drone x2  
  16  0:43  Drone  
  17  0:50  Hatchery  
  17  0:53  Drone  
  17  0:57  Drone  
  18  1:07  Extractor  
  17  1:11  Spawning Pool  
  17  1:16  Drone  
  17  1:19  Drone  
  18  1:27  Drone  
  19  1:38  Drone  
  20  1:50  Overlord  
  20  1:58  Queen  
  22  2:02  Drone, Queen  
  22  2:03  Zergling x2  
  26  2:09  Metabolic Boost  
  26  2:10  Zergling x2  
  26  2:13  Drone  
  28  2:21  Drone  
  29  2:24  Drone  
  30  2:34  Drone  
  30  2:36  Drone  
  32  2:38  Queen  
  34  2:45  Hatchery  
  34  2:48  Overlord  
  33  2:55  Zergling x2  
  33  2:56  Zergling x2  
  35  2:59  Drone  
  35  3:04  Evolution Chamber  
  35  3:09  Drone x4  
  35  3:12  Queen  
  42  3:14  Drone  
  42  3:22  Drone  
  42  3:23  Overlord  
  43  3:30  Overlord  
  43  3:41  Queen  
  43  3:42  Drone x2  
  43  3:44  Roach Warren, Drone  
  43  3:46  Drone x2  
  43  3:47  Drone  
  50  3:52  Queen  
  50  3:54  Drone  
  53  3:57  Drone x2  
  55  4:05  Overlord  
  55  4:09  Zergling x10  
  60  4:16  Unknown  
  59  4:18  Overlord  
  59  4:21  Spore Crawler  
  58  4:27  Roach x5  
  68  4:35  Roach  
  68  4:36  Overlord  
  68  4:38  Spore Crawler  
  69  4:41  Roach  
  69  4:42  Zergling x8  
  74  4:46  Zergling x4  
  76  4:54  Drone  
  76  4:58  Drone x2  
  76  4:59  Roach, Zergling x6, Drone  
  85  5:07  Overlord  
  85  5:09  Overlord, Ravager  
  85  5:10  Drone  
  85  5:11  Drone  
  88  5:17  Spore Crawler, Drone x2  
  89  5:23  Drone x3  
  90  5:28  Drone x2  
  90  5:30  Zergling x8  
  90  5:34  Drone x2  
  98  5:38  Lair  
  98  5:40  Drone  
  99  5:43  Roach  
  99  5:44  Ravager x2  
  103  5:55  Roach x2  
  103  5:56  Overlord x3  
  103  5:57  Overlord, Extractor  
  104  6:01  Overlord  
  104  6:03  Overlord  
  104  6:06  Overlord  
  104  6:07  Drone x2  
  104  6:09  Overlord  
  104  6:10  Drone, Extractor  
  106  6:15  Drone x4  
  110  6:25  Drone x2  
  111  6:27  Extractor  
  111  6:28  Drone x3  
  111  6:29  Roach x2  
  117  6:35  Drone x2  
  113  6:42  Glial Reconstitution  
  113  6:43  Drone x3  
  113  6:44  Overlord  
  113  6:45  Roach x2  
  119  6:50  Roach x2  
  119  6:51  Ravager x3  
  119  6:53  Ravager  
  127  6:56  Roach x3  
  133  7:02  Zergling x8  
  133  7:03  Ravager  
  134  7:09  Zergling x8  
  130  7:18  Roach x3  
  124  7:28  Roach  
  124  7:29  Roach x6  
  122  7:31  Zergling x6  
  122  7:33  Roach  
  122  7:36  Roach  
  127  7:39  Ravager x2  
  129  7:45  Roach x2  
  133  7:52  Ravager  
  133  7:53  Zergling x4  
  133  7:54  Hatchery  
Tags
 
Add a new tag
Caveats
  • Supply blocks, unpowered buildings, or Contaminate may cause inaccurate times.
  • Supply counts are checked every 10 seconds.